AoeStats
← Count Foxbat

Arabia

510282470Analyzed
1v1 RM · 21h ago on Sep 30, 2026· 23m 0s· 2 players
Game mode
Random Map
Map size
Tiny (2 player)
Population
200
Speed
Normal
Resources
Standard
Victory
Conquest
Starting age
Dark Age
Ending age
Imperial Age
RankedLock teamsTeams togetherTeam positionsShared explorationLock speedFull tech treeHidden civsTurbo modeCheats
Victory
Defeat
🇪🇸 Mongols · Spain
784
+18
🇩🇪 Franks · Germany
834
-38
Rascota
4:47 Loom
11:46 Feudal Age
11:53 Man-at-Arms
14:15 Double-Bit Axe
20:20 Castle Age
Count Foxbat
8:14 Loom
10:20 Feudal Age
13:28 Double-Bit Axe
Connection lost

Rejoining the realm…

Still unreachable

The connection could not be restored.

Session expired

The server has moved on; the page needs a fresh start.